[ PARTIDA AOE2 · #495159924 ]
UnrankedShu vs Slavs
Equipo del jugador · VICT
Equipo rival · DERR
[ ANÁLISIS DE REPETICIÓN · EXTRAÍDO DE LA PARTIDA GRABADA ]
Feudal
12:17
Castillos
17:39
Imperial
36:25
| APM promedio | 39.4 |
| APM pico | 88 |
| eAPM promedio | 26.4 |
| Aldeanos / militares | 147 / 125 |
Foco
⚔️ 41.3% · 🌾 58.7%
Archer ×69 · Fishing Ship ×31 · Spearman ×27 · Unknown (1944) ×27 · Unknown (2626) ×20 · Battering Ram ×15
Feudal
9:23
Castillos
21:20
Imperial
36:48
| APM promedio | 62.3 |
| APM pico | 93 |
| eAPM promedio | 40.5 |
| Aldeanos / militares | 133 / 92 |
Foco
⚔️ 36.7% · 🌾 63.3%
Boyar ×60 · Fishing Ship ×10 · Trebuchet (Packed) ×8 · Spearman ×7 · Scorpion ×4 · Scout Cavalry ×4
Mapa de la partida
Recursos iniciales + cada clic de construcción. Líneas = muros · curvas = relieve. ◆ oro · ⬟ piedra · ● bayas · ✦ reliquia · ◌ hueco del cierre
Tu base· ✓ Cerrada en 17:39 · 62t muro · 1 puerta(s)
Base de nm· Abierta — el rival se encerró
Terreno inicial suavizado · ◌ = hueco del cierre detectado · pasá el cursor para detalles
Inputs por minuto
— [GDL]CemenTox - - nm
Build order — [GDL]CemenTox
Primeras 150 de 505 acciones detectadas
| 0:01 | Encolar | Villager (Male) |
| 0:01 | Encolar | Villager (Male) |
| 0:02 | Encolar | Villager (Male) |
| 0:03 | Construir | House |
| 0:04 | Construir | House |
| 0:41 | Encolar | Villager (Male) |
| 1:28 | Construir | Lumber Camp |
| 1:33 | Encolar | Villager (Male) |
| 1:34 | Encolar | Villager (Male) |
| 1:34 | Encolar | Villager (Male) |
| 2:05 | Encolar | Villager (Male) |
| 2:23 | Encolar | Villager (Male) |
| 2:23 | Encolar | Villager (Male) |
| 2:48 | Encolar | Villager (Male) |
| 3:20 | Encolar | Villager (Male) |
| 3:20 | Investigar | Loom |
| 3:49 | Construir | Dock |
| 4:02 | Encolar | Villager (Male) |
| 4:02 | Encolar | Villager (Male) |
| 4:11 | Construir | House |
| 4:47 | Construir | House |
| 4:49 | Encolar | Villager (Male) |
| 4:50 | Encolar | Villager (Male) |
| 4:52 | Encolar | Fishing Ship |
| 4:52 | Encolar | Fishing Ship |
| 5:15 | Construir | House |
| 5:18 | Encolar | Villager (Male) |
| 5:33 | Encolar | Fishing Ship |
| 5:37 | Encolar | Villager (Male) |
| 5:45 | Construir | House |
| 5:59 | Encolar | Villager (Male) |
| 6:00 | Encolar | Villager (Male) |
| 6:03 | Encolar | Fishing Ship |
| 6:30 | Encolar | Villager (Male) |
| 6:31 | Encolar | Villager (Male) |
| 6:49 | Encolar | Villager (Male) |
| 6:50 | Encolar | Villager (Male) |
| 6:50 | Encolar | Villager (Male) |
| 6:52 | Encolar | Fishing Ship |
| 7:16 | Encolar | Fishing Ship |
| 7:27 | Encolar | Villager (Male) |
| 7:29 | Construir | Dock |
| 7:52 | Encolar | Fishing Ship |
| 7:52 | Encolar | Fishing Ship |
| 7:53 | Encolar | Villager (Male) |
| 8:06 | Encolar | Fishing Ship |
| 8:06 | Encolar | Fishing Ship |
| 8:10 | Encolar | Fishing Ship |
| 8:10 | Encolar | Villager (Male) |
| 8:11 | Encolar | Villager (Male) |
| 8:35 | Construir | Palisade Wall |
| 8:49 | Construir | House |
| 8:50 | Construir | Palisade Wall |
| 8:56 | Construir | Palisade Wall |
| 8:58 | Construir | Palisade Wall |
| 9:00 | Encolar | Fishing Ship |
| 9:00 | Encolar | Fishing Ship |
| 9:08 | Encolar | Villager (Male) |
| 9:17 | Construir | Palisade Wall |
| 9:22 | Construir | Palisade Wall |
| 9:42 | Encolar | Villager (Male) |
| 9:47 | Encolar | Fishing Ship |
| 9:47 | Encolar | Fishing Ship |
| 9:55 | Investigar | Feudal Age |
| 9:56 | Investigar | Feudal Age |
| 9:57 | Encolar | Fishing Ship |
| 9:58 | Encolar | Fishing Ship |
| 10:23 | Construir | Mining Camp |
| 11:01 | Construir | Mill |
| 11:14 | Encolar | Fishing Ship |
| 11:27 | Encolar | Villager (Male) |
| 12:04 | Construir | House |
| 12:07 | Construir | House |
| 12:17 | Edad | Edad Feudal |
| 12:24 | Construir | Market |
| 12:26 | Encolar | Unit 2626 |
| 12:26 | Encolar | Unit 2626 |
| 12:43 | Construir | Palisade Wall |
| 12:47 | Encolar | Unit 2626 |
| 12:47 | Encolar | Unit 2626 |
| 12:53 | Investigar | Town Watch |
| 13:15 | Construir | House |
| 13:19 | Construir | House |
| 13:21 | Construir | Stone Wall |
| 13:25 | Construir | Mining Camp |
| 13:26 | Encolar | Villager (Male) |
| 13:45 | Encolar | Unit 2626 |
| 13:48 | Encolar | Villager (Male) |
| 13:55 | Construir | Watch Tower |
| 13:58 | Construir | Stone Wall |
| 14:11 | Construir | Stone Wall |
| 14:16 | Construir | Stone Wall |
| 14:26 | Construir | Blacksmith |
| 14:27 | Encolar | Villager (Male) |
| 14:53 | Construir | Palisade Wall |
| 14:59 | Investigar | Castle Age |
| 15:10 | Construir | Lumber Camp |
| 15:26 | Construir | House |
| 15:32 | Investigar | Forging |
| 15:37 | Investigar | Tech 906 |
| 15:38 | Investigar | Tech 906 |
| 15:38 | Investigar | Tech 906 |
| 15:53 | Construir | Dock |
| 16:03 | Investigar | Double-Bit Axe |
| 16:19 | Construir | Barracks |
| 16:34 | Encolar | Unit 2626 |
| 16:34 | Encolar | Unit 2626 |
| 16:39 | Encolar | Unit 2626 |
| 16:52 | Investigar | Scale Barding Armor |
| 16:52 | Investigar | Scale Barding Armor |
| 16:53 | Encolar | Villager (Male) |
| 16:59 | Investigar | Gold Mining |
| 17:08 | Construir | House |
| 17:24 | Construir | Palisade Gate |
| 17:27 | Construir | Palisade Wall |
| 17:35 | Construir | Stable |
| 17:39 | Edad | Edad de los Castillos |
| 17:48 | Encolar | Unit 2626 |
| 17:48 | Encolar | Unit 2626 |
| 17:52 | Encolar | Villager (Male) |
| 17:54 | Encolar | Spearman |
| 18:13 | Investigar | Bow Saw |
| 18:13 | Investigar | Bow Saw |
| 18:20 | Encolar | Unit 1944 |
| 18:27 | Encolar | Villager (Male) |
| 18:44 | Encolar | Fishing Ship |
| 18:44 | Encolar | Fishing Ship |
| 18:54 | Encolar | Unit 1944 |
| 18:54 | Encolar | Unit 1944 |
| 19:02 | Encolar | Villager (Male) |
| 19:11 | Construir | Stable |
| 19:15 | Encolar | Unit 1944 |
| 19:15 | Encolar | Unit 1944 |
| 19:15 | Encolar | Unit 1944 |
| 19:16 | Encolar | Unit 1944 |
| 19:26 | Encolar | Unit 2626 |
| 19:40 | Investigar | War Galley (upgrade) |
| 19:49 | Encolar | Villager (Male) |
| 19:54 | Investigar | Gillnets |
| 19:54 | Investigar | Gillnets |
| 19:56 | Encolar | Unit 1944 |
| 20:00 | Encolar | Villager (Male) |
| 20:13 | Construir | Lumber Camp |
| 20:18 | Encolar | Unit 1944 |
| 20:29 | Encolar | Unit 2626 |
| 20:30 | Encolar | Unit 2626 |
| 20:30 | Encolar | Unit 2626 |
| 20:30 | Encolar | Unit 2626 |
| 20:30 | Encolar | Unit 2626 |
| 20:36 | Encolar | Villager (Male) |
Build order — nm
Primeras 150 de 392 acciones detectadas
| 0:03 | Construir | House |
| 0:05 | Construir | House |
| 0:06 | Encolar | Villager (Male) |
| 0:06 | Encolar | Villager (Male) |
| 0:07 | Encolar | Villager (Male) |
| 0:08 | Encolar | Villager (Male) |
| 1:21 | Encolar | Villager (Male) |
| 1:46 | Encolar | Villager (Male) |
| 1:59 | Construir | Lumber Camp |
| 2:21 | Encolar | Villager (Male) |
| 2:21 | Encolar | Villager (Male) |
| 2:45 | Encolar | Villager (Male) |
| 2:46 | Encolar | Villager (Male) |
| 3:32 | Construir | House |
| 3:34 | Encolar | Villager (Male) |
| 3:34 | Encolar | Villager (Male) |
| 3:35 | Encolar | Villager (Male) |
| 4:04 | Encolar | Villager (Male) |
| 4:04 | Encolar | Villager (Male) |
| 4:20 | Construir | Dock |
| 4:24 | Encolar | Villager (Male) |
| 4:57 | Encolar | Villager (Male) |
| 4:57 | Encolar | Villager (Male) |
| 5:03 | Encolar | Fishing Ship |
| 5:11 | Encolar | Villager (Male) |
| 5:24 | Construir | House |
| 5:35 | Encolar | Villager (Male) |
| 5:35 | Encolar | Villager (Male) |
| 5:52 | Encolar | Fishing Ship |
| 6:09 | Investigar | Loom |
| 6:35 | Encolar | Fishing Ship |
| 6:35 | Encolar | Fishing Ship |
| 6:48 | Encolar | Villager (Male) |
| 7:09 | Investigar | Feudal Age |
| 7:09 | Investigar | Feudal Age |
| 7:58 | Construir | Barracks |
| 8:50 | Construir | House |
| 9:12 | Encolar | Villager (Male) |
| 9:23 | Edad | Edad Feudal |
| 9:26 | Construir | Stable |
| 9:31 | Construir | Palisade Wall |
| 9:33 | Encolar | Villager (Male) |
| 9:34 | Investigar | Double-Bit Axe |
| 9:37 | Encolar | Villager (Male) |
| 9:55 | Encolar | Villager (Male) |
| 10:14 | Encolar | Scout Cavalry |
| 10:14 | Encolar | Scout Cavalry |
| 10:15 | Encolar | Scout Cavalry |
| 10:31 | Construir | Dock |
| 10:33 | Encolar | Villager (Male) |
| 10:33 | Encolar | Villager (Male) |
| 10:50 | Construir | Mining Camp |
| 10:58 | Construir | Watch Tower |
| 11:04 | Encolar | Villager (Male) |
| 11:04 | Encolar | Villager (Male) |
| 11:18 | Encolar | Unit 2626 |
| 11:19 | Encolar | Fire Galley |
| 11:32 | Encolar | Villager (Male) |
| 11:33 | Encolar | Villager (Male) |
| 11:41 | Encolar | Scout Cavalry |
| 11:56 | Construir | Watch Tower |
| 12:07 | Encolar | Villager (Male) |
| 12:07 | Encolar | Villager (Male) |
| 12:07 | Encolar | Villager (Male) |
| 12:09 | Construir | Mill |
| 12:18 | Encolar | Villager (Male) |
| 12:30 | Encolar | Fire Galley |
| 12:30 | Encolar | Fire Galley |
| 13:25 | Encolar | Villager (Male) |
| 13:25 | Encolar | Villager (Male) |
| 13:25 | Encolar | Villager (Male) |
| 13:59 | Encolar | Villager (Male) |
| 13:59 | Encolar | Villager (Male) |
| 14:16 | Construir | Watch Tower |
| 14:22 | Encolar | Villager (Male) |
| 14:23 | Encolar | Villager (Male) |
| 14:29 | Encolar | Demolition Raft |
| 14:29 | Encolar | Demolition Raft |
| 14:31 | Construir | House |
| 14:38 | Encolar | Villager (Male) |
| 14:43 | Construir | Farm |
| 14:43 | Construir | Farm |
| 14:43 | Construir | Farm |
| 14:43 | Construir | Farm |
| 15:06 | Construir | Market |
| 15:07 | Construir | House |
| 15:37 | Construir | Mining Camp |
| 15:44 | Construir | House |
| 15:58 | Encolar | Villager (Male) |
| 16:17 | Encolar | Villager (Male) |
| 16:30 | Encolar | Fishing Ship |
| 16:45 | Encolar | Villager (Male) |
| 16:45 | Encolar | Villager (Male) |
| 17:05 | Encolar | Villager (Male) |
| 17:07 | Construir | Farm |
| 17:19 | Construir | Lumber Camp |
| 17:31 | Encolar | Demolition Raft |
| 17:48 | Construir | Palisade Wall |
| 17:52 | Construir | Palisade Wall |
| 17:58 | Encolar | Unit 2626 |
| 18:13 | Construir | Dock |
| 18:38 | Investigar | Castle Age |
| 18:39 | Investigar | Castle Age |
| 18:49 | Construir | House |
| 18:50 | Encolar | Fishing Ship |
| 18:50 | Encolar | Fishing Ship |
| 18:59 | Construir | House |
| 19:00 | Construir | Palisade Wall |
| 19:03 | Construir | House |
| 19:27 | Encolar | Unit 2626 |
| 19:37 | Construir | House |
| 19:38 | Construir | House |
| 19:43 | Construir | House |
| 19:43 | Encolar | Fishing Ship |
| 20:01 | Encolar | Villager (Male) |
| 20:01 | Encolar | Villager (Male) |
| 20:01 | Encolar | Villager (Male) |
| 20:11 | Construir | House |
| 20:24 | Encolar | Unit 2626 |
| 20:36 | Construir | Palisade Wall |
| 20:38 | Construir | House |
| 20:41 | Construir | House |
| 20:44 | Construir | House |
| 20:47 | Construir | House |
| 20:53 | Construir | House |
| 20:59 | Encolar | Spearman |
| 20:59 | Encolar | Spearman |
| 21:00 | Construir | House |
| 21:01 | Construir | Palisade Wall |
| 21:03 | Construir | House |
| 21:04 | Construir | Palisade Wall |
| 21:06 | Construir | House |
| 21:10 | Construir | Palisade Wall |
| 21:13 | Construir | Stone Wall |
| 21:20 | Edad | Edad de los Castillos |
| 21:30 | Construir | Castle |
| 21:35 | Encolar | Spearman |
| 21:57 | Construir | Palisade Wall |
| 22:04 | Encolar | Spearman |
| 22:05 | Encolar | Spearman |
| 22:09 | Encolar | Fishing Ship |
| 22:10 | Encolar | Fishing Ship |
| 22:13 | Encolar | Villager (Male) |
| 22:13 | Encolar | Villager (Male) |
| 22:22 | Encolar | Spearman |
| 22:34 | Encolar | Spearman |
| 22:46 | Encolar | Boyar |
| 22:46 | Encolar | Boyar |
| 22:47 | Encolar | Boyar |
| 22:47 | Encolar | Boyar |
Cronología de la partida
| 3:49 | [GDL]CemenTox · first_building Dock |
| 4:20 | nm · first_building Dock |
| 7:58 | nm · first_building Barracks |
| 8:35 | [GDL]CemenTox · wall_segment Palisade Wall x1 |
| 8:50 | [GDL]CemenTox · wall_segment Palisade Wall x1 |
| 8:56 | [GDL]CemenTox · wall_segment Palisade Wall x7 |
| 8:58 | [GDL]CemenTox · wall_segment Palisade Wall x8 |
| 9:17 | [GDL]CemenTox · wall_segment Palisade Wall x4 |
| 9:22 | [GDL]CemenTox · wall_segment Palisade Wall x20 |
| 9:23 | nm · age_up feudal |
| 9:26 | nm · first_building Stable |
| 9:31 | nm · wall_segment Palisade Wall x1 |
| 12:17 | [GDL]CemenTox · age_up feudal |
| 12:43 | [GDL]CemenTox · wall_segment Palisade Wall x1 |
| 13:21 | [GDL]CemenTox · wall_segment Stone Wall x1 |
| 13:58 | [GDL]CemenTox · wall_segment Stone Wall x5 |
| 14:11 | [GDL]CemenTox · wall_segment Stone Wall x7 |
| 14:16 | [GDL]CemenTox · wall_segment Stone Wall x9 |
| 14:53 | [GDL]CemenTox · wall_segment Palisade Wall x1 |
| 15:45 | [GDL]CemenTox · first_market_buy 100 wood |
| 16:19 | [GDL]CemenTox · first_building Barracks |
| 17:03 | nm · first_market_buy 100 food |
| 17:27 | [GDL]CemenTox · wall_segment Palisade Wall x1 |
| 17:35 | [GDL]CemenTox · first_building Stable |
| 17:39 | [GDL]CemenTox · age_up castle |
| 17:48 | nm · wall_segment Palisade Wall x6 |
| 17:52 | nm · wall_segment Palisade Wall x10 |
| 18:38 | nm · first_market_sell 100 food |
| 19:00 | nm · wall_segment Palisade Wall x1 |
| 20:36 | nm · wall_segment Palisade Wall x2 |
| 21:01 | nm · wall_segment Palisade Wall x1 |
| 21:04 | nm · wall_segment Palisade Wall x1 |
| 21:10 | nm · wall_segment Palisade Wall x1 |
| 21:13 | nm · wall_segment Stone Wall x1 |
| 21:20 | nm · age_up castle |
| 21:30 | nm · first_building Castle |
| 21:57 | nm · wall_segment Palisade Wall x1 |
| 23:02 | nm · first_building Monastery |
| 23:59 | nm · wall_segment Palisade Wall x1 |
| 24:01 | nm · wall_segment Palisade Wall x1 |
| 24:12 | [GDL]CemenTox · first_building Monastery |
| 24:51 | [GDL]CemenTox · first_building Siege Workshop |
| 25:30 | [GDL]CemenTox · first_building Archery Range |
| 30:16 | nm · first_building Siege Workshop |
| 32:09 | [GDL]CemenTox · first_building Castle |
| 33:09 | [GDL]CemenTox · first_market_sell 100 wood |
| 36:25 | [GDL]CemenTox · age_up imperial |
| 36:48 | nm · age_up imperial |
| 39:12 | nm · wall_segment Stone Wall x1 |
| 42:10 | nm · first_building Archery Range |
| 45:21 | nm · resign |
[ ANÁLISIS IA · 1 CRÉDITO ]
¿Qué pasó realmente en esta partida?
Wolo.gg analiza cada decisión: build order, eco, micro, errores típicos por bracket. Análisis personalizado por WhatsApp o Discord en 30 segundos.
Guía civ
Shu
Perfil
[GDL]CemenTox